 Dungeon Crawl Stone Soup version 0.17.2-1-ge4368a0 (webtiles) character file.

65 Goblin1989 the Sneak (level 3, 0/28 HPs)
             Began as a Demonspawn Assassin on Mar 15, 2017.
             Slain by Robin
             ... wielding a +0 short sword
              (1 damage)
             ... on level 2 of the Dungeon.
             The game lasted 00:03:08 (1725 turns).

Goblin1989 the Sneak (Demonspawn Assassin)          Turns: 1725, Time: 00:03:09

Health: 0/28       AC:  5    Str: 11    XL:     3   Next: 92%
Magic:  3/3        EV: 12    Int: 12    God:
Gold:   67         SH:  0    Dex: 15    Spells: 0 memorised, 2 levels left

rFire  . . .     SeeInvis .     a - +2 dagger
rCold  . . .     Clarity  .     c - +0 robe
rNeg   . . .     SustAt   .     (no shield)
rPois  .         Gourm    .     (no helmet)
rElec  .         Spirit   .     d - +0 cloak
rCorr  .         Warding  .     (no gloves)
rMut   .         Stasis   .     (no boots)
MR     .....                    b - amulet of inaccuracy (curse)
Stlth  +++.......               (no ring)
                                (no ring)

@: not resistant to hostile enchantments, fairly stealthy
A: yellow scales 1
a: no special abilities


You were on level 2 of the Dungeon.
You were not hungry.

You visited 1 branch of the dungeon, and saw 2 of its levels.

You collected 67 gold pieces.

Inventory:

Hand Weapons
 a - a +2 dagger (weapon)
 w - a +0 blowgun {@w1}
Missiles
 f - 2 curare-tipped needles
 g - 8 poisoned needles
Armour
 c - a +0 robe (worn)
 d - a +0 cloak (worn)
Jewellery
 b - a cursed amulet of inaccuracy (around neck)
Scrolls
 k - a scroll of fear {unknown}
 R - 2 scrolls of identify {@r1}
Potions
 h - a potion of magic
 i - a potion of ambrosia {unknown}
 j - a potion of degeneration {unknown}
Comestibles
 e - 2 bread rations {@e1}


   Skills:
 + Level 2.7 Fighting
 * Level 2.6 Short Blades
 - Level 1.7 Throwing
 + Level 1.6 Dodging
 + Level 4.0 Stealth


You had 2 spell levels left.
You didn't know any spells.

Dungeon Overview and Level Annotations

Branches:
Dungeon (2/15)

Altars:

Annotations:
D:2 Robin


Innate Abilities, Weirdness & Mutations

You are partially covered in yellow scales (AC +2).


Message History

You are too injured to fight recklessly!
You are too injured to fight recklessly!
You are too injured to fight recklessly!
You are too injured to fight recklessly!
You are too injured to fight recklessly!
You are too injured to fight recklessly!
You are too injured to fight recklessly!
You are too injured to fight recklessly!
You are too injured to fight recklessly!
You are too injured to fight recklessly!
You are too injured to fight recklessly!
You are too injured to fight recklessly!
You are too injured to fight recklessly!
You are too injured to fight recklessly!
You are too injured to fight recklessly!
You are too injured to fight recklessly!
You are too injured to fight recklessly!
You are too injured to fight recklessly!
You are too injured to fight recklessly!
You are too injured to fight recklessly!
You barely miss the giant cockroach.
The giant cockroach bites you but does no damage.
You hit the giant cockroach.
You kill the giant cockroach!
You hit the goblin.
The goblin is moderately wounded.
The goblin hits you but does no damage.
You closely miss the goblin.
The goblin is moderately wounded.
The goblin misses you.
You closely miss the goblin.
The goblin is moderately wounded.
You closely miss the goblin.
The goblin is moderately wounded.
The goblin misses you.
You hit the goblin.
You kill the goblin!
You closely miss the goblin. The goblin closely misses you.
You hit the goblin.
The goblin is severely wounded.
The goblin hits you but does no damage.
You hit the goblin but do no damage.
The goblin is severely wounded.
The goblin hits you but does no damage.
You closely miss the goblin.
The goblin is severely wounded.
The goblin hits you but does no damage.
You hit the goblin.
You kill the goblin!
You hit the goblin.
The goblin is moderately wounded.
The goblin hits you but does no damage.
You hit the goblin.
The goblin is severely wounded.
You barely miss the goblin.
The goblin is severely wounded.
The goblin barely misses you.
You barely miss the goblin.
The goblin is severely wounded.
The goblin hits you.
You take 3 damage, and have 14/28 hp.
You miss the goblin.
The goblin is severely wounded.
The goblin misses you.
You hit the goblin.
You kill the goblin!
You hit the goblin.
You kill the goblin!
The hobgoblin barely misses you.
Items here: ) ††† a dagger; a goblin corpse; a goblin corpse; a giant cockroach corpse You miss the hobgoblin.
The hobgoblin hits you.
* * * LOW HITPOINT WARNING * * *
You take 5 damage, and have 10/28 hp.
You barely miss the hobgoblin.
The hobgoblin hits you but does no damage.
You hit the hobgoblin.
The hobgoblin is moderately wounded.
The hobgoblin closely misses you.
You closely miss the hobgoblin.
The hobgoblin is moderately wounded.
You barely miss the hobgoblin.
The hobgoblin is moderately wounded.
The hobgoblin closely misses you.
You hit the hobgoblin.
The hobgoblin is almost dead.
The hobgoblin hits you but does no damage.
You miss the hobgoblin.
The hobgoblin is almost dead.
The hobgoblin hits you.
* * * LOW HITPOINT WARNING * * *
Robin misses you.
You take 1 damage, and have 9/28 hp.
You hit the hobgoblin.
You kill the hobgoblin!
The goblin unwields a dagger.
The goblin wields a hunting sling.
The goblin shoots a stone.
The stone hits you!
* * * LOW HITPOINT WARNING * * *
Robin hits you with a short sword.
You die...

█.██.█....██..... .█
█.██.█.█...█∆█.██████.
█.██.█.........█<....
█.██.█....................
█.██.██...................
█.██.██...................
█.██...........█g█........
.†██...........█g█........
...∆......<....█@█........
..██...........█.█........
████...███████∆█g█)%......
█...█ █................


█████ █..†...███g██████ █.........█ .█ █.........█ gr █.......... ggg
█$....██...∆ ..K. You could see Robin, a hobgoblin and a goblin.

Vanquished Creatures
  2 adders (D:2)
  A worm (D:2)
  3 giant geckos
  5 bats
  A giant cockroach (D:2)
  3 hobgoblins
  3 jackals (D:2)
  A quokka (D:2)
  A ball python (D:2)
  A giant newt (D:1)
  11 goblins
  3 kobolds
  4 rats
39 creatures vanquished.

Notes
Turn   | Place    | Note
--------------------------------------------------------------
     0 | D:1      | Goblin1989 the Demonspawn Assassin began the quest for the Orb.
     0 | D:1      | Reached XP level 1. HP: 16/16 MP: 1/1
   267 | D:1      | Reached skill level 1 in Dodging
   293 | D:1      | Gained mutation: You are partially covered in yellow scales (AC +2). [demonic ancestry]
   293 | D:1      | Reached XP level 2. HP: 23/23 MP: 2/2
   953 | D:2      | Reached XP level 3. HP: 18/28 MP: 3/3
  1618 | D:2      | Reached skill level 4 in Stealth
  1687 | D:2      | Noticed Robin
  1725 | D:2      | HP: 1/28 [goblin/stone[Robin] (8)]
  1725 | D:2      | Slain by Robin

Action                   || total
-------------------------++-------
Melee: Dagger            ||   149
 Fire: Blowgun           ||     2
  Use: Scroll            ||     3
 Stab: Sleeping          ||     8
       Distracted        ||     1
  Eat: Bread ration      ||     1

Vault maps used:
D:1:      wheals_arrival_linesprint
D:2:      uniq_robin
